 Dungeon Crawl Stone Soup version 0.27.0-1-g7a089689b8 (webtiles) character file.

Game seed: 17958928456853771432

12 SnakkuSnakku7 the Skirmisher (level 2, 0/24 HPs)
             Began as a Demonspawn Berserker on Aug 11, 2021.
             Was a Follower of Trog.
             Slain by a jackal (1 damage)
             ... on level 1 of the Dungeon.
             The game lasted 00:00:22 (94 turns).

SnakkuSnakku7 the Skirmisher (Demonspawn Berserker)   Turns: 94, Time: 00:00:23

Health: 0/24       AC:  2    Str: 17    XL:     2   Next: 20%
Magic:  2/2        EV: 12    Int:  8    God:    Trog [*.....]
Gold:   11         SH:  0    Dex: 12    Spells: 1/1 levels left

rFire    . . .     SeeInvis .   a - +0 mace
rCold    . . .     Faith    .   (no shield)
rNeg     . . .     Spirit   .   b - +0 animal skin
rPois    .         Reflect  .   (no helmet)
rElec    .         Harm     .   (no cloak)
rCorr    .         Rampage  .   (no gloves)
Will     .....                  (no boots)
Stlth    +.........             (no amulet)
HPRegen  0.08/turn              (no ring)
MPRegen  0.08/turn              (no ring)

@: on berserk cooldown, slowed, very slow
A: foul stench 1
a: Renounce Religion, Berserk


You were on level 1 of the Dungeon.
You worshipped Trog.
Trog was aware of your devotion.
You visited 1 branch of the dungeon, and saw 1 of its levels.

You collected 11 gold pieces.

Inventory:

Hand Weapons
 a - a +0 mace (weapon)
Armour
 b - a +0 animal skin (worn)
Potions
 c - a potion of brilliance {unknown}


   Skills:
 + Level 3.3 Fighting
 + Level 3.0 Maces & Flails
 - Level 1.7 Armour
 - Level 1.7 Dodging


You had one spell level left.
You didn't know any spells.
Your spell library was empty.

Dungeon Overview and Level Annotations

Branches:
Dungeon (1/15)

Altars:


Innate Abilities, Weirdness & Mutations

You may rarely emit foul miasma when damaged in melee.


Message History

There is an open door here.
Things that are here:
a rat corpse; a jackal corpse You feel a strong urge to attack something.
You are no longer berserk.
You are exhausted.
You feel yourself slow down.
There is an open door here.
Things that are here:
a rat corpse; a jackal corpse You see here a +0 dagger.
Found an escape hatch in the floor.
A jackal comes into view.
The jackal barks!
A jackal is nearby!
A jackal comes into view. x2
The jackal barks!
The jackal bites you but does no damage.
The jackal barks!
The jackal closely misses you.
The jackal bites you but does no damage.
A rat comes into view.
You see here a +0 dagger.
The jackal bites you.
You hit the jackal but do no damage. The jackal bites you.
* * * LOW HITPOINT WARNING * * *
The jackal misses you. The jackal barely misses you.
You hit the jackal.
The jackal is moderately wounded.
The jackal closely misses you. The jackal bites you.
* * * LOW HITPOINT WARNING * * *
You hit the jackal but do no damage.
The jackal is moderately wounded.
The jackal bites you but does no damage.
The jackal misses you. The jackal bites you.
* * * LOW HITPOINT WARNING * * *
You closely miss the jackal.
The jackal is moderately wounded.
The jackal closely misses you. x2; The jackal bites you.
You die...

######r.......#
..............#
..............#
..............#
>.............# ##
..............# #.
..............# ###.
#########h########
#... #.@hh.......#
#.#. #.####......#
#.#. #####†## #.#...†#
#.#. #......#
#.#....####.##
#......###.###.......#
#..........# #########
#......#####
#...)..#######
#............#


You could see 3 jackals.

Vanquished Creatures
  A dart slug (D:1)
  An endoplasm (D:1)
  A goblin (D:1)
  A hobgoblin (D:1)
  3 jackals (D:1)
  2 rats (D:1)
9 creatures vanquished.

Notes
Turn   | Place    | Note
-------+----------+-------------------------------------------
     0 | D:1      | SnakkuSnakku7 the Demonspawn Berserker began the quest for
                  | the Orb.
     0 | D:1      | Reached XP level 1. HP: 18/18 MP: 1/1
    59 | D:1      | Gained mutation: You may rarely emit foul miasma when
                  | damaged in melee. [demonic ancestry]
    59 | D:1      | Reached XP level 2. HP: 8/24 MP: 2/2
    93 | D:1      | HP: 1/24 [jackal (3)]
    94 | D:1      | Slain by a jackal

Illustrated notes

Levels and vault maps discovered:
D:1:      ldierk_walled_garden, layout_basic

Skill      XL: |  1 |
---------------+----+-----
Maces & Flails | 3 |  3.0
Fighting       | |  3.3
Armour         | |  1.7
Dodging        | |  1.7

Action                   || total
-------------------------++-------
Melee: Mace              ||    26
Invok: Berserk           ||     1
Armor: Animal skin       ||     5
Dodge: Dodged            ||    17
